 Dungeon Crawl Stone Soup version 0.31-a0-355-g57cb03d3e8 (webtiles) character file.

Game seed: 6585868049198523090

64745 Shard1697 the Brawler (level 14, -1/186 HPs)
             Began as a White Draconian Shapeshifter on July 24, 2023.
             Was the Champion of Okawaru.
             Slain by Jorgrun
             ... wielding a staff of earth
              (5 damage)
             ... while petrified by Jorgrun
             ... on level 1 of the Orcish Mines.
             The game lasted 00:32:25 (19751 turns).

Shard1697 the Brawler (DrSh)                       Turns: 19751, Time: 00:32:25

Health: -1/186     AC: 14    Str: 20    XL:     14   Next: 72%
Magic:  14/14      EV:  2    Int:  9    God:    Okawaru [******]
Gold:   1414       SH:  0    Dex: 14    Spells: 13/13 levels left

rFire   . .          .
                       - Unarmed
rCold   + + +        a - melded +2 buckler
rNeg    + + +        (body armour unavailable)
rPois   ∞            w - +2 hat
rElec   .            m - +0 cloak
rCorr   .            (gloves currently unavailable)
SInv    +            L - +2 pair of boots
Will    +....        b - amulet of reflection Stlth
                     D - ring "Ozaose" {rC++ MP-9 EV+5 SInv}
HPRegen 0.51/turn    l - ring of Vonaw {rC+ rN+ EV+5}
MPRegen 0.14/turn

%: reflection
@: berserking (expiring), blade hands, petrified, studying Invocations
A: breathe frost, AC +8, unfitting armour, cold resistance 1, cold-blooded
a: Breathe Frost, Begin Untransformation, Renounce Religion, Heroism, Finesse,
Duel


You were on level 1 of the Orcish Mines.
You worshipped Okawaru.
Okawaru was exalted by your worship.
You had blades for hands.
You visited 4 branches of the dungeon, and saw 20 of its levels.
You also visited: Gauntlet.

You collected 2454 gold pieces.
You spent 1040 gold pieces at shops.

Inventory:

Hand Weapons
 J - the +11 plutonium sword {Contam Stlth-}
   (Okawaru gifted it to you on level 12 of the Dungeon)

   Contam:    It causes magical contamination when unequipped.
   Stlth:     It makes you less stealthy.
Missiles
 H - a throwing net
Armour
 a - a +2 buckler (melded)
 m - a +0 cloak (worn)
 w - a +2 hat (worn)
 E - a +0 pair of gloves
 K - the +1 pair of gloves of Hueluvva {rF+ rC+++ rCorr Str-5}
   (Okawaru gifted it to you on level 5 of the Lair of Beasts)

   Str:       It affects your strength (-5).
   rF:        It protects you from fire.
   rC:        It renders you almost immune to cold.
   rCorr:     It protects you from acid and corrosion.
 L - a +2 pair of boots (worn)
Jewellery
 b - an amulet of reflection (around neck)
 i - the ring of Hayt {rCorr EV+5}
   (You found it in a Gauntlet)

   [ring of evasion]

   EV:        It affects your evasion (+5).
   rCorr:     It protects you from acid and corrosion.
 l - the ring of Vonaw (right blade hand) {rC+ rN+ EV+5}
   (You found it in a Gauntlet)

   [ring of evasion]

   EV:        It affects your evasion (+5).
   rC:        It protects you from cold.
   rN:        It protects you from negative energy.
 u - an amulet of faith
 D - the ring "Ozaose" (left blade hand) {rC++ MP-9 EV+5 SInv}
   (You found it on level 7 of the Dungeon)

   [ring of evasion]

   EV:        It affects your evasion (+5).
   rC:        It greatly protects you from cold.
   MP:        It affects your magic capacity (-9).
   SInv:      It lets you see invisible.
 M - a ring of poison resistance
 R - a +6 ring of strength
Talismans
 n - a blade talisman
 q - a storm talisman
 y - a serpent talisman
Wands
 t - a wand of flame (20)
 x - a wand of polymorph (8)
 z - a wand of charming (20)
 C - a wand of mindburst (23)
 F - a wand of iceblast (17)
 Q - a wand of digging (4)
Scrolls
 g - 5 scrolls of blinking
 j - 6 scrolls of teleportation
 k - 2 scrolls of revelation
 p - a scroll of fear
 s - 3 scrolls of amnesia
 S - a scroll of silence
Potions
 c - 4 potions of mutation
 d - 6 potions of might
 e - 8 potions of curing
 f - 4 potions of heal wounds
 h - 3 potions of enlightenment
 r - 5 potions of attraction
 B - 2 potions of lignification
 G - 3 potions of magic
 I - 4 potions of invisibility
 O - a potion of brilliance
 P - a potion of haste
Miscellaneous
 A - a lightning rod (4/4)


   Skills:
 + Level 11.2 Fighting
 + Level 10.2 Dodging
 + Level 1.6 Stealth
 + Level 15.4 Unarmed Combat
 + Level 12.2 Invocations
 - Level 10.0 Evocations
 - Level 9.0 Shapeshifting


You had 13 spell levels left.
You didn't know any spells.
Your spell library contained the following spells:

 Spells                   Type           Power      Damage    Failure   Level
 Apportation              Tloc           0%         N/A       80%         1
 Freeze                   Ice            0%         1d3       80%         1
 Necrotise                Necr           0%         1d4       80%         1
 Cigotuvi's Dreadful Rot  Necr/Pois/Air  0%         N/A       88%         2
 Ensorcelled Hibernation  Hex/Ice        0%         N/A       88%         2
 Passwall                 Tmut/Erth      0%         N/A       88%         2
 Sublimation of Blood     Necr           0%         N/A       88%         2
 Wereblood                Tmut           0%         N/A       88%         2
 Confusing Touch          Hex            0%         N/A       97%         3
 Frozen Ramparts          Ice            0%         1d1       97%         3
 Ignite Poison            Fire/Tmut/Pois 0%         N/A       97%         3
 Swiftness                Air            0%         N/A       97%         3
 Volatile Blastmotes      Fire/Tloc      0%         2d10      97%         3
 Fulminant Prism          Conj/Hex       0%         3d5       100%        4
 Iskenderun's Mystic Bla  Conj/Tloc      0%         2d3       100%        4
 Petrify                  Tmut/Erth      0%         N/A       100%        4
 Sticky Flame             Conj/Fire      0%         2d3       100%        4
 Fireball                 Conj/Fire      0%         3d3       100%        5
 Freezing Cloud           Conj/Ice/Air   0%         6-21      100%        5
 Irradiate                Conj/Tmut      0%         3d11      100%        5
 Metabolic Englaciation   Hex/Ice        0%         N/A       100%        5
 Ignition                 Fire           0%         3d3       100%        8
 Polar Vortex             Ice            0%         N/A       100%        9
 Summon Small Mammal      Summ           Unusable   N/A       N/A         1
 Summon Mana Viper        Hex/Summ       Unusable   N/A       N/A         5
 Summon Hydra             Summ           Unusable   N/A       N/A         7

Dungeon Overview and Level Annotations

Branches:
Dungeon (12/15)            Temple (1/1) D:6            Lair (5/5) D:11
 Shoals (0/4) Lair:3        Snake (0/4) Lair:2        Slime (0/5) Lair:5
    Orc (2/2) D:9         Gauntlet (visited)
    Elf: Orc:2

Altars:
Ashenzari
Cheibriados
Dithmenos
Elyvilon
Fedhas
Gozag
Hepliaklqana
Kikubaaqudgha
Makhleb
Nemelex Xobeh
Okawaru
Qazlal
Ru
Sif Muna
Trog
Uskayaw
Vehumet
Wu Jian
Xom
Yredelemnul
Zin
The Shining One

Shops:
D:3 !   D:6 *:   D:7 (   D:9 *

Annotations:
D:10 2 transporters, Savior361's ghost, novice OpSh
Orc:1 2 transporters, Jorgrun; Wiilli's ghost, journeyman SpVM


Innate Abilities, Weirdness & Mutations

You have blades for hands.
You are immune to poison.
Your spellcasting is less reliable in this form.
You are incapable of wielding weapons or throwing items.
You can breathe waves of freezing cold which knock back foes.
Your icy white scales are hard. (AC +8)
You cannot fit into any form of body armour.
Your flesh is cold resistant. (rC+)
You are cold-blooded and may be slowed by cold attacks.


Message History

The orc hits you but does no damage. x2; Jorgrun hits you but does no damage.
Jorgrun hits you with a staff of earth.
* * * LOW HITPOINT WARNING * * *
The grasping roots constrict you.
* * * LOW HITPOINT WARNING * * *
The orc hits you but does no damage.
The grasping roots release their grip on you.
The warg bites you. The orc hits you but does no damage.
The orc wizard hits you but does no damage.
The orc hits you from afar with a +0 trident.
* * * LOW HITPOINT WARNING * * *
Jorgrun hits you but does no damage. Jorgrun hits you with a staff of earth.
* * * LOW HITPOINT WARNING * * *
Jorgrun shatters you!
* * * LOW HITPOINT WARNING * * *
The orc hits you with a +0 mace.
* * * LOW HITPOINT WARNING * * *
The warg bites you but does no damage.
The orc hits you from afar with a +0 trident.
* * * LOW HITPOINT WARNING * * *
The warg bites you!
* * * LOW HITPOINT WARNING * * *
The orc wizard completely misses you. The orc hits you but does no damage. x2
Jorgrun points at you and mumbles some strange words.
The entropic shot hits you!!!
* * * LOW HITPOINT WARNING * * *
The warg bites you but does no damage.
The orc wizard hits you but does no damage.
The orc hits you but does no damage. x2
Jorgrun hits you with a staff of earth.
* * * LOW HITPOINT WARNING * * *
Jorgrun hits you with a staff of earth!
* * * LOW HITPOINT WARNING * * *
The orc completely misses you. The warg bites you.
* * * LOW HITPOINT WARNING * * *
The orc wizard hits you but does no damage.
The orc hits you but does no damage. x2
Jorgrun hits you with a staff of earth!
You die...

##........ #. #..........
#. # ##.......... .. ##.
##.#............... ##..
#...........# ....# ##..)
#........### .....###....
##....>....# ...........
#.........)###.........#..
##.......@g.......#....#..
#.....)hoo...... #..)[...
##.##.#o.o...### #.......
###..>........# ##.<)..#
##.#......... #..).##
.$.......... ##...>#
##........... ##....
...###..... ##... ####


You could see Jorgrun, a warg, an orc wizard and 3 orcs.

Vanquished Creatures
  Gastronok (Lair:3)
  A minotaur (Gauntlet)
  Snorg (Lair:4)
  Josephine (Orc:1)
  2 hydras
  A centaur warrior (D:12)
  A boulder beetle (Lair:5)
  Erica (D:9)
  3 two-headed ogres
  2 thrashing horrors (Gauntlet)
  Nergalle (D:11)
  Sonja (D:11)
  3 skysharks
  Amaemon (Lair:2)
  Pikel (D:6)
  An orc knight (Orc:1)
  An ugly thing (D:12)
  2 manticores
  3 cyclopes (D:12)
  Joseph (D:9)
  18 elephants
  An orange demon (Lair:2)
  4 black mambas
  A torpor snail (Lair:5)
  20 cane toads
  Maggie (Lair:2)
  2 unseen horrors
  4 rime drakes
  A minotaur zombie (Gauntlet)
  Psyche (D:8)
  6 polar bears (Lair:5)
  11 komodo dragons
  5 trolls
  5 hornets (Lair:5)
  10 blink frogs
  Grinder (D:4)
  Prince Ribbit (D:8)
  4 dream sheep
  4 slime creatures (D:12)
  3 small abominations (Gauntlet)
  13 spriggans (Lair:5)
  A vampire (D:12)
  9 wyverns
  5 shadows
  5 wraiths
  35 yaks
  3 fire bats (Gauntlet)
  3 steam dragons
  5 basilisks
  4 vampire mosquitoes
  3 wargs (Orc:1)
  2 acid dragons (D:10)
  16 water moccasins
  7 orc warriors
  3 black bears
  3 sky beasts
  3 ogres
  4 boggarts (Lair:5)
  32 wolves
  17 centaurs
  2 lemures (D:6)
  A phantom (D:5)
  2 gnoll sergeants
  9 bullfrogs
  2 scorpions
  8 wights
  5 killer bees
  3 howler monkeys
  14 jellies
  8 orc priests
  A hound (D:4)
  2 gnoll boudas
  2 sleepcaps
  2 iguanas
  15 orc wizards
  25 gnolls
  6 adders
  A shadow imp (D:7)
  3 ufetubi
  2 worms
  A dart slug (D:1)
  70 orcs
  6 ball pythons
  8 bats
  8 endoplasms
  4 giant cockroaches
  12 hobgoblins
  5 jackals (D:2)
  5 quokkas
  2 frilled lizards
  4 goblins
  6 kobolds
  4 rats
553 creatures vanquished.

Vanquished Creatures (others)
  A komodo dragon (Lair:1)
  A sky beast (D:8)
2 creatures vanquished.

Grand Total: 555 creatures vanquished

Notes
Turn   | Place    | Note
-------+----------+-------------------------------------------
     0 | D:1      | Shard1697 the Draconian Shapeshifter began the quest for
                  | the Orb.
     0 | D:1      | Reached XP level 1. HP: 16/16 MP: 1/1
    11 | D:1      | Noticed a minotaur skeleton
   112 | D:1      | Reached XP level 2. HP: 19/23 MP: 2/2
   218 | D:1      | Reached skill level 4 in Unarmed Combat
   229 | D:1      | Found a faded altar of an unknown god.
   451 | D:1      | Reached XP level 3. HP: 28/28 MP: 3/3
  1123 | D:2      | Reached XP level 4. HP: 35/35 MP: 4/4
  1527 | D:3      | Got the Grimoire of the Oath
  1581 | D:3      | Reached skill level 5 in Unarmed Combat
  2047 | D:3      | Reached XP level 5. HP: 42/42 MP: 5/5
  2154 | D:3      | Found Mienaumm's Distillery.
  2161 | D:3      | Bought a potion of heal wounds for 65 gold pieces
  2161 | D:3      | Bought a potion of curing for 39 gold pieces
  2559 | D:4      | Reached skill level 6 in Unarmed Combat
  2811 | D:4      | Noticed Grinder
  2828 | D:4      | Killed Grinder
  2829 | D:4      | Reached XP level 6. HP: 52/52 MP: 6/6
  3030 | D:4      | Reached skill level 7 in Unarmed Combat
  3602 | D:5      | Entered Level 5 of the Dungeon
  3607 | D:5      | Your scales start taking on an icy white colour.
  3607 | D:5      | Reached XP level 7. HP: 59/59 MP: 7/7
  3607 | D:5      | Gained mutation: Your flesh is cold resistant. (rC+) [White
                  | Draconian growth]
  3790 | D:5      | Found a shadowy altar of Dithmenos.
  4320 | D:5      | Reached skill level 5 in Shapeshifting
  4545 | D:5      | Reached XP level 8. HP: 58/66 MP: 6/8
  4846 | D:6      | Found a bloodstained altar of Trog.
  4863 | D:6      | Found Fuvuroer's Assorted Antiques.
  4863 | D:6      | Found Kuschimm's Vocational Training.
  4867 | D:6      | Noticed Pikel
  4893 | D:6      | Killed Pikel
  4938 | D:6      | Bought a scroll of identify for 56 gold pieces
  5158 | D:6      | Identified the +1 shortbow of Abuse {elec, Str+4 Int+2}
  5164 | D:6      | Found a staircase to the Ecumenical Temple.
  5185 | Temple   | Entered the Ecumenical Temple
  5194 | Temple   | Became a worshipper of Warmaster Okawaru
  5396 | D:6      | Reached XP level 9. HP: 29/71 MP: 5/9
  5579 | D:7      | Identified the ring "Ozaose" {rC++ MP-9 EV+5 SInv}
  5783 | D:7      | Found Cuipigho's Antique Weapon Emporium.
  5947 | D:7      | Reached * piety under Okawaru
  6339 | D:7      | Found a sacrificial altar of Ru.
  6339 | D:7      | Found a hazy altar of Hepliaklqana.
  6341 | D:7      | Found a glowing golden altar of the Shining One.
  6341 | D:7      | Found a radiant altar of Vehumet.
  6612 | D:8      | Noticed Psyche
  6623 | D:8      | Killed Psyche
  6624 | D:8      | Reached skill level 5 in Fighting
  6637 | D:8      | Noticed a two-headed ogre
  6648 | D:8      | Killed a two-headed ogre
  6648 | D:8      | Reached ** piety under Okawaru
  6649 | D:8      | Reached skill level 8 in Unarmed Combat
  6825 | D:7      | Identified a scroll of acquirement
  6825 | D:7      | Acquired 994 gold pieces
  6865 | D:6      | Bought a manual of Invocations for 880 gold pieces
  6951 | D:8      | Noticed Prince Ribbit
  6956 | D:8      | Killed Prince Ribbit
  6957 | D:8      | Reached skill level 1 in Invocations
  7045 | D:8      | Reached XP level 10. HP: 86/86 MP: 2/11
  7059 | D:8      | Identified the +1 hat of Ovoyhumn {Stlth+}
  7477 | D:8      | Reached *** piety under Okawaru
  7478 | D:8      | Reached skill level 9 in Unarmed Combat
  7654 | D:9      | Reached skill level 5 in Invocations
  7694 | D:9      | Noticed Joseph
  7711 | D:9      | Killed Joseph
  7866 | D:9      | Found a shimmering blue altar of Sif Muna.
  8158 | D:9      | Found a staircase to the Orcish Mines.
  8233 | D:9      | Found Hunioqo's General Store.
  8242 | D:9      | Noticed Erica
  8261 | D:9      | Killed Erica
  8418 | D:9      | Reached skill level 10 in Unarmed Combat
  8424 | D:9      | Reached **** piety under Okawaru
  8845 | D:10     | Entered Level 10 of the Dungeon
  8994 | D:10     | Reached XP level 11. HP: 75/97 MP: 8/17
  9241 | D:10     | Noticed a two-headed ogre
  9249 | D:10     | Killed a two-headed ogre
  9386 | D:10     | Noticed Savior361's ghost (novice OpSh)
  9414 | D:10     | Found a transporter.
  9513 | D:10     | Found a transporter.
 10088 | D:11     | Found a gate leading to a gauntlet.
 10090 | D:11     | Noticed Sonja
 10092 | D:11     | Killed Sonja
 10096 | Gauntlet | Entered a Gauntlet
 10096 | Gauntlet | Found a transporter.
 10096 | Gauntlet | Found a transporter.
 10096 | Gauntlet | Found a transporter.
 10096 | Gauntlet | Found a transporter.
 10117 | Gauntlet | Found a transporter.
 10133 | Gauntlet | Noticed an oklob plant
 10135 | Gauntlet | Found a transporter.
 10135 | Gauntlet | Found a transporter.
 10141 | Gauntlet | Noticed a dire elephant
 10148 | Gauntlet | Found a transporter.
 10169 | Gauntlet | Found a transporter.
 10181 | Gauntlet | Noticed a thrashing horror
 10186 | Gauntlet | Found a transporter.
 10190 | Gauntlet | Found a transporter.
 10202 | Gauntlet | Found a transporter.
 10271 | Gauntlet | Noticed a fire crab
 10277 | Gauntlet | Reached skill level 10 in Fighting
 10344 | Gauntlet | Identified the +6 mace of Dieqizi {heavy, rF+ Will+}
 10353 | Gauntlet | Noticed a thrashing horror
 10445 | Gauntlet | Killed a thrashing horror
 10445 | Gauntlet | Reached ***** piety under Okawaru
 10446 | Gauntlet | Reached skill level 11 in Unarmed Combat
 10456 | Gauntlet | Killed a thrashing horror
 10464 | Gauntlet | Identified the ring of Hayt {rCorr EV+5}
 10472 | Gauntlet | Identified the +8 storm dragon scales of Elyvilon's Whim
                  | {rElec Str+6 Dex+3}
 10484 | Gauntlet | Noticed a minotaur
 10507 | Gauntlet | Killed a minotaur
 10508 | Gauntlet | Reached skill level 10 in Invocations
 10517 | Gauntlet | Identified the ring of Vonaw {rC+ rN+ EV+5}
 10750 | D:11     | Found a blossoming altar of Fedhas.
 11011 | D:11     | Noticed Nergalle
 11024 | D:11     | Killed Nergalle
 11024 | D:11     | Received a gift from Okawaru
 11234 | D:11     | Found a staircase to the Lair.
 11295 | D:11     | Noticed a two-headed ogre
 11303 | D:11     | Killed a two-headed ogre
 11590 | D:12     | Reached XP level 12. HP: 110/110 MP: 20/20
 11716 | D:12     | Reached skill level 12 in Unarmed Combat
 11731 | D:12     | Noticed a centaur warrior
 11743 | D:12     | Killed a centaur warrior
 12367 | D:12     | Received a gift from Okawaru
 12367 | D:12     | Found the +11 plutonium sword {Contam Stlth-}
 12368 | D:12     | Reached skill level 5 in Dodging
 12396 | D:12     | Found a shimmering altar of Xom.
 12967 | Lair:1   | Entered Level 1 of the Lair of Beasts
 13032 | Lair:1   | Reached skill level 1 in Evocations
 14075 | Lair:2   | Reached skill level 5 in Evocations
 14254 | Lair:2   | Received a gift from Okawaru
 14310 | Lair:2   | Noticed Maggie
 14313 | Lair:2   | Noticed Amaemon
 14322 | Lair:2   | Killed Maggie
 14332 | Lair:2   | Killed Amaemon
 14545 | Lair:2   | Found a staircase to the Snake Pit.
 15008 | Lair:3   | Reached XP level 13. HP: 116/116 MP: 12/21
 15035 | Lair:3   | Found a staircase to the Shoals.
 15065 | Lair:3   | Reached skill level 13 in Unarmed Combat
 15232 | Lair:3   | Noticed Gastronok
 15245 | Lair:3   | Killed Gastronok
 15563 | Lair:3   | Reached ****** piety under Okawaru
 16481 | Lair:4   | Noticed Snorg
 16581 | Lair:4   | Identified the +1 sling of the Eternal Void {elec, rElec
                  | rPois Int-4 SInv}
 16655 | Lair:4   | Identified the +0 hat "Owiusi Xabirch" {rF- Dex+9} (Okawaru
                  | gifted it to you on level 4 of the Lair of Beasts)
 16655 | Lair:4   | Received a gift from Okawaru
 17040 | Lair:4   | Reached skill level 14 in Unarmed Combat
 17106 | Lair:4   | Killed Snorg
 17463 | Lair:5   | Entered Level 5 of the Lair of Beasts
 17683 | Lair:5   | Reached XP level 14. HP: 113/124 MP: 13/22
 17760 | Lair:5   | Reached skill level 10 in Evocations
 17817 | Lair:5   | Found a staircase to the Slime Pits.
 17862 | Lair:5   | Identified the +1 pair of gloves of Hueluvva {rF+ rC+++
                  | rCorr Str-5} (Okawaru gifted it to you on level 5 of the
                  | Lair of Beasts)
 17862 | Lair:5   | Received a gift from Okawaru
 17976 | Lair:5   | Identified the +7 flail "Lyucwus" {antimagic, rElec Str+2}
 18349 | Lair:5   | Got the Dissertation on Hot Frostbite
 18387 | Lair:5   | Reached skill level 15 in Unarmed Combat
 18729 | Lair:5   | Reached skill level 10 in Dodging
 19314 | Orc:1    | Entered Level 1 of the Orcish Mines
 19332 | Orc:1    | Noticed Josephine
 19455 | D:9      | Reached skill level 1 in Stealth
 19485 | Orc:1    | Killed Josephine
 19572 | Orc:1    | Found a shimmering altar of Xom.
 19600 | Orc:1    | Noticed Wiilli's ghost (journeyman SpVM)
 19602 | Orc:1    | Found a bloodstained altar of Trog.
 19622 | Orc:1    | Found a transporter.
 19630 | Orc:1    | Found a transporter.
 19715 | Orc:1    | You fall into a shaft and drop 1 floor!
 19715 | Orc:2    | Entered Level 2 of the Orcish Mines
 19730 | Orc:1    | Noticed Jorgrun
 19750 | Orc:1    | HP: 6/186 [Jorgrun/staff of earth (5)]
 19751 | Orc:1    | Slain by Jorgrun

Illustrated notes

Levels and vault maps discovered:
D:1:      shiori_arrival_whats_in_store_for_you, layout_rooms,
          shapermc_ecumenical_altar_mp_urbaneastern
D:2:      layout_basic, minmay_pentomino_u4
D:3:      layout_loops_ring, serial_shops, shop, item_on_display_a
D:4:      layout_basic, uniq_grinder
D:5:      layout_cave_pods, mainiacjoe_overflow_six_doors_small
D:6:      layout_rooms, kennysheep_mini, minmay_temple_entry_trees,
          serial_shops, shop, hangedman_decor_push, nicolae_shop_vocational,
          uniq_pikel
D:7:      layout_loops_ring, mainiacjoe_overflow_alcove_3, serial_shops, shop
D:8:      layout_loops_ring, hangedman_misty_isle, uniq_psyche,
          uniq_prince_ribbit1
D:9:      layout_loops_ring, kennysheep_orc_sif_temple, orc_0_dummy,
          serial_shops, nicolae_shop_stone, uniq_joseph, uniq_erica
D:10:     layout_layer_cave, gammafunk_ghost_arena, serial_bayou_crossing
D:11:     layout_basic, lair_entry_dummy, gauntlet_entry_generic,
          fedhas_altar_fruit_tree, uniq_nergalle, uniq_sonja
D:12:     layout_basic, nrook_mini_backslash, tgw_xom
Temple:   eino_wide_crystal_templ
Lair:1:   layout_gridlike
Lair:2:   layout_cave_pods, dummy_snake_entry, uniq_amaemon, uniq_maggie
Lair:3:   layout_regular_city, elwin_shoals_entry_rocks, uniq_gastronok
Lair:4:   layout_hall_layers, beast_lair_carwin_3, uniq_snorg
Lair:5:   minmay_lair_end_enchanted_forest, layout_regular_city,
          minmay_slime_entry_jelly_boxes, grunt_megastairs_3
Orc:1:    layout_diamond_mine, basic_altar, gammafunk_ghost_wrathful_warriors,
          nicolae_orc_tapped_out, uniq_josephine, uniq_jorgrun
Orc:2:    st_orc_pillars, layout_caves, minmay_shop_enchanted_jewellery,
          uniq_urug

Skill      XL: |  1  2  3  4  5  6  7  8  9 10 11 12 13 14 |
---------------+-------------------------------------------+-----
Unarmed Combat | 4 5 6 7 8 10 11 12 14 15 | 15.4
Fighting       | 2 3 4 7 9 11 | 11.2
Shapeshifting  | 5 8 9 |  9.0
Invocations    | 2 8 10 11 12 | 12.2
Dodging        | 3 5 8 10 | 10.2
Evocations     | 7 9 10 | 10.0
Stealth        | 1 |  1.6

Action                     |  1- 3 |  4- 6 |  7- 9 | 10-12 | 13-15 || total
---------------------------+-------+-------+-------+-------+-------++-------
  Melee: Unarmed           |   105 |   118 |   236 |   460 |   629 ||  1548
         Tailslap          |    17 |    17 |    38 |    67 |   108 ||   247
         Punch             |       |     1 |     4 |    37 |    56 ||    98
 Invoke: Heroism           |       |       |       |     6 |     6 ||    12
         Finesse           |       |       |       |     2 |       ||     2
Ability: Breathe Frost     |       |       |     9 |     2 |       ||    11
  Evoke: Wand              |       |       |       |     2 |    10 ||    12
    Use: Scroll            |       |     3 |    14 |     4 |     5 ||    26
         Potion            |       |     1 |     1 |     3 |     1 ||     6
   Stab: Distracted        |     1 |     1 |       |       |       ||     2
         Sleeping          |       |     2 |       |     2 |     2 ||     6
 Armour: Skin              |    32 |    24 |    26 |    94 |   155 ||   331
  Dodge: Dodged            |    71 |    82 |   166 |   442 |   661 ||  1422
  Block: Buckler           |       |       |    25 |       |       ||    25
         Other             |       |       |       |    92 |   151 ||   243
         Reflection        |       |       |       |     5 |       ||     5
   Form: Blade             |       |       |     1 |       |     1 ||     2
                           |       |       |       |       |     1 ||     1

Table legend: (Time is in decaauts)
 A = Elapsed time spent in this place.
 B = Non-inter-level travel time spent in this place.
 C = Inter-level travel time spent in this place.
 D = Time resting spent in this place.
 E = Time spent auto-exploring this place.
 F = Levels seen in this place.
 G = Mean time per level.
                   A        B        C        D        E       F      G
               +--------+--------+--------+--------+--------+-----+--------+
         Total |  19451 |  18404 |   1047 |    997 |  13688 |  21 |  926.2 |
       Dungeon |  12659 |  11875 |    784 |    630 |   9171 |  12 | 1054.9 |
        Temple |     18 |      2 |     16 |      0 |      0 |   1 |   18.0 |
          Lair |   6051 |   5806 |    245 |    222 |   4356 |   5 | 1210.2 |
  Orcish Mines |    286 |    286 |      0 |      0 |    160 |   2 |  143.0 |
      Gauntlet |    435 |    435 |      0 |    145 |      0 |   1 |  435.0 |
               +--------+--------+--------+--------+--------+-----+--------+

Top non-repeatable levels by time:
  Lair:3: 1476 daAuts
  Lair:5: 1429 daAuts
     D:9: 1361 daAuts
    D:12: 1336 daAuts
    D:10: 1247 daAuts
     D:5: 1193 daAuts
     D:4: 1187 daAuts
    D:11: 1154 daAuts
  Lair:4: 1132 daAuts
  Lair:1: 1094 daAuts
     D:8: 1080 daAuts
     D:2: 1047 daAuts
     D:7: 1007 daAuts
  Lair:2: 919 daAuts
     D:3: 771 daAuts
